 Dungeon Crawl Stone Soup version 0.29-a0-297-g7659ce593d (webtiles) character file.

Game seed: 16646487384476132762

81 kae the Firebug (level 4, -2/25 HPs)
             Began as a Tengu Fire Elementalist on Mar 20, 2022.
             Slain by an iguana (14 damage)
             ... on level 3 of the Dungeon.
             The game lasted 00:01:26 (3668 turns).

kae the Firebug (Tengu Fire Elementalist)           Turns: 3668, Time: 00:01:26

Health: -2/25      AC:  3    Str:  8    XL:     4   Next: 42%
Magic:  13/17      EV: 12    Int: 18    God:
Gold:   186        SH:  0    Dex: 14    Spells: 5/8 levels left

rFire   . . .      SeeInvis .   i - +1 short sword
rCold   . . .      Faith    .   (no shield)
rNeg    . . .      Spirit   .   a - +0 robe
rPois   .          Reflect  .   (helmet restricted)
rElec   .          Harm     .   (no cloak)
rCorr   .          Rampage  .   s - +0 pair of gloves
Will    .....                   (boots unavailable)
Stlth   ++........              (no amulet)
HPRegen 0.08/turn               g - ring of magical power
MPRegen 0.15/turn               (no ring)

@: no status effects
A: beak, talons 3
a: no special abilities


You were on level 3 of the Dungeon.
You visited 1 branch of the dungeon, and saw 4 of its levels.

You collected 186 gold pieces.

Inventory:

Hand Weapons
 i - a +1 short sword (weapon)
Armour
 a - a +0 robe (worn)
 s - a +0 pair of gloves (worn)
Jewellery
 g - a ring of magical power (left hand)
 r - a ring of flight
Scrolls
 d - 3 scrolls of teleportation
 f - a scroll of identify
Potions
 b - a potion of magic
 c - 2 potions of resistance
 e - a potion of attraction
 j - 2 potions of brilliance {unknown}
 k - 3 potions of curing {unknown}
 m - a potion of invisibility {unknown}
 p - a potion of lignification {unknown}
 q - a potion of heal wounds {unknown}
 t - a potion of flight {unknown}


   Skills:
 + Level 1.4 Fighting
 - Level 2.1 Dodging
 - Level 2.0 Stealth
 + Level 2.5 Spellcasting
 + Level 2.6 Conjurations
 * Level 4.3 Fire Magic


You had 5 spell levels left.
You knew the following spells:

 Your Spells              Type           Power      Damage    Failure   Level
a - Foxfire               Conj/Fire      56%        2x1d6     4%          1
b - Scorch                Fire           36%        2d7       4%          2

Your spell library contained the following spells:

 Spells                   Type           Power      Damage    Failure   Level
 Conjure Flame            Conj/Fire      14%        6-21      12%         3
 Sandblast                Erth           4%         2d4       17%         1
 Inner Flame              Hex/Fire       10%        N/A       22%         3
 Passwall                 Tmut/Erth      1%         N/A       26%         2
 Stone Arrow              Conj/Erth      14%        3d7       30%         3
 Flame Wave               Conj/Fire      14%        2d6       38%         4


Dungeon Overview and Level Annotations

Branches:
Dungeon (4/15)
 Temple: D:4-7

Altars:
Fedhas

Annotations:
D:3 Sigmund, Terence


Innate Abilities, Weirdness & Mutations

You have a beak for a mouth.
You have claws for feet.


Message History

As you read the scroll labelled CIAF ZOSIRCH, it crumbles to dust.
You hear a loud clanging noise!
It was a scroll of noise.
You hear an angry hiss.
Unknown command.
You hear a distant slurping noise.
You hear a distant slurping noise.
There is a stone staircase leading up here.
You hear a distant slurping noise.
An iguana comes into view.
An iguana is nearby!
An iguana is nearby!
Casting: Foxfire (safe; 4% risk of failure)
Confirm with . or Enter, or press ? or * to list all spells.
You conjure some foxfire!
The foxfire hits the iguana but does no damage.
A ball python comes into view.
The foxfire hits the iguana but does no damage.
The ball python hisses angrily.
Casting: Foxfire (safe; 4% risk of failure)
Confirm with . or Enter, or press ? or * to list all spells.
Flames lash the iguana.
The iguana is moderately wounded.
The iguana's fire resistance burns away.
There is a stone staircase leading up here.
The iguana is no longer more vulnerable to fire.
The iguana closely misses you.
You climb upwards.
Level annotation: Sigmund, Terence
There is a stone staircase leading down here.
Casting: Scorch (safe; 4% risk of failure)
Confirm with . or Enter, or press ? or * to list all spells.
Flames lash the iguana.
The iguana is severely wounded.
The iguana's fire resistance burns away.
The iguana bites you!
Ouch! That really hurt!
The iguana bites you!
Ouch! That really hurt!
You die...

#.# #........#..........# #.#
########.#.########.# #.#
######## #.#.########.## #.#
#......# #.#.##......... #.##
#.####.###.#.##.####.... #..#
#.# #...........# #.##. ##.# #.#
#....#..##..# #.##. #.# #.#
#.l.#.#.##..# #.##. #.#### #.#
#.@.###.##..###.##. #.#..@....#
#...##...........#.
#.#.##########...##..##..#.##.#.
#.#.# #............##..#.##...
#.#.# #.#####.###.###.........
#.#.#####.# #.# #.# ##.#.#####
#.........# #.# #.# #.#.#
###.####### #.# #.# #.#.# #.#
#.###.####.#.#


You could see an iguana (combustible).

Vanquished Creatures
  4 adders (D:2)
  7 endoplasms
  A giant cockroach (D:2)
  3 goblins
  3 hobgoblins
  6 jackals
  2 quokkas (D:2)
  4 ball pythons
  2 bats (D:2)
  7 kobolds
  4 rats
43 creatures vanquished.

Vanquished Creatures (others)
  138 foxfires
138 creatures vanquished.

Grand Total: 181 creatures vanquished

Notes
Turn   | Place    | Note
-------+----------+-------------------------------------------
     0 | D:1      | kae the Tengu Fire Elementalist began the quest for the
                  | Orb.
     0 | D:1      | Reached XP level 1. HP: 10/10 MP: 4/4
   401 | D:1      | Found a faded altar of an unknown god.
   472 | D:1      | Reached XP level 2. HP: 16/16 MP: 3/6
  1176 | D:2      | Reached XP level 3. HP: 20/20 MP: 4/7
  1219 | D:2      | Reached skill level 1 in Fighting
  1294 | D:2      | Learned a level 2 spell: Scorch
  1439 | D:2      | Identified the +3 ring mail of Magic {-Tele rC++ Dex+4}
  1579 | D:2      | Reached skill level 4 in Fire Magic
  1986 | D:2      | Reached XP level 4. HP: 6/25 MP: 6/8
  3150 | D:3      | Found a blossoming altar of Fedhas.
  3409 | D:3      | Noticed Sigmund
  3546 | D:3      | Noticed Terence
  3668 | D:3      | Slain by an iguana

Illustrated notes

Levels and vault maps discovered:
D:1:      lemuel_arrival_river_ford, layout_loops_ring,
          hellmonk_ecumenical_altar_slurped_away, dreamdust_mushroom_princess
D:2:      minmay_wonky_spiral, layout_basic, hangedman_decor_points
D:3:      layout_loops_ring, general_overflow_altar, minmay_crystal_water,
          uniq_sigmund, uniq_terence
D:4:      layout_loops_cross, grunt_temple_overflow_diamond,
          kennysheep_mini_moat, mainiacjoe_overflow_surrounded_room

Skill      XL: |  1  2  3 |
---------------+----------+-----
Conjurations   | 2 |  2.6
Fighting       | 1 |  1.4
Fire Magic     | 4 |  4.3
Dodging        | |  2.1
Stealth        | |  2.0
Spellcasting   | |  2.5

Action                   |  1- 3 |  4- 6 || total
-------------------------+-------+-------++-------
Melee: Unarmed           |     7 |       ||     7
       Kick              |     6 |     4 ||    10
       Short sword       |    11 |    20 ||    31
       Peck              |     4 |     3 ||     7
 Cast: Foxfire           |    66 |    22 ||    88
       Scorch            |       |     2 ||     2
  Use: Scroll            |       |     7 ||     7
 Stab: Sleeping          |       |     1 ||     1
Armor: Robe              |       |     7 ||     7
Dodge: Dodged            |    21 |    12 ||    33

Table legend: (Time is in decaauts)
 A = Elapsed time spent in this place.
 B = Non-inter-level travel time spent in this place.
 C = Inter-level travel time spent in this place.
 D = Time resting spent in this place.
 E = Time spent auto-exploring this place.
 F = Levels seen in this place.
 G = Mean time per level.
                   A        B        C        D        E       F      G
               +--------+--------+--------+--------+--------+-----+--------+
         Total |   3674 |   3511 |    163 |      3 |   3139 |   4 |  918.5 |
       Dungeon |   3674 |   3511 |    163 |      3 |   3139 |   4 |  918.5 |
               +--------+--------+--------+--------+--------+-----+--------+

Top non-repeatable levels by time:
     D:2: 1737 daAuts
     D:1: 1105 daAuts
     D:3: 808 daAuts
     D:4: 23 daAuts
